 Dungeon Crawl Stone Soup version 0.30-a0-723-gc1506a1cf0 (webtiles) character file.

Game seed: 13709682208464018764

125 Leeroy the Grasshopper (level 5, -5/43 HPs)
             Began as a Gnoll Warper on Jan 28, 2023.
             Slain by an ogre
             ... wielding a +0 giant club
              (26 damage)
             ... on level 4 of the Dungeon.
             The game lasted 00:02:19 (3022 turns).

Leeroy the Grasshopper (Gnoll Warper)               Turns: 3022, Time: 00:02:20

Health: -5/43      AC:  4    Str: 10    XL:     5   Next: 9%
Magic:  12/12      EV: 13    Int: 13    God:
Gold:   148        SH:  0    Dex: 13    Spells: 2/14 levels left

rFire   . . .      SeeInvis .    a - +0 falchion
rCold   . . .      Faith    .    o - orb {light}
rNeg    . . .      Spirit   .    b - +0 leather armour
rPois   .          Reflect  .    (no helmet)
rElec   .          Harm     .    (no cloak)
rCorr   .          Rampage  .    t - +0 pair of gloves
Will    .....                    (no boots)
Stlth   +                        (no amulet)
HPRegen 0.27/turn                (no ring)
MPRegen 0.13/turn                (no ring)

@: glowing
A: fangs 1, strong nose, distributed training
a: no special abilities


You were on level 4 of the Dungeon.
You visited 1 branch of the dungeon, and saw 4 of its levels.

You collected 148 gold pieces.

Inventory:

Hand Weapons
 a - a +0 falchion (weapon)
 l - a +0 rapier
Missiles
 d - 7 boomerangs of dispersal (quivered)
Armour
 b - a +0 leather armour (worn)
 o - an orb of light (worn)
 t - a +0 pair of gloves (worn)
Jewellery
 g - a ring of see invisible
 j - a ring of ice
Scrolls
 c - a scroll of blinking
 e - 3 scrolls of teleportation {unknown}
 h - 6 scrolls of identify {unknown}
 i - a scroll of immolation {unknown}
 q - a scroll of butterflies {unknown}
Potions
 f - 4 potions of curing {unknown}
 k - a potion of heal wounds {unknown}
 m - a potion of lignification {unknown}
 n - a potion of brilliance {unknown}
 p - 2 potions of flight {unknown}
 r - 2 potions of cancellation {unknown}
 s - a potion of degeneration {unknown}


   Skills:
 + Level 4.7 Fighting
 + Level 1.4 Short Blades
 + Level 4.7 Long Blades
 + Level 1.4 Axes
 + Level 1.4 Maces & Flails
 + Level 1.4 Polearms
 + Level 1.4 Staves
 + Level 1.4 Ranged Weapons
 + Level 2.9 Throwing
 + Level 2.9 Armour
 + Level 4.7 Dodging
 + Level 1.4 Stealth
 + Level 1.4 Shields
 + Level 1.4 Unarmed Combat
 + Level 5.1 Spellcasting
 + Level 1.1 Conjurations
 + Level 1.1 Hexes
 + Level 1.1 Summonings
 + Level 1.1 Necromancy
 + Level 5.5 Translocations
 + Level 1.1 Transmutations
 + Level 1.1 Fire Magic
 + Level 1.1 Ice Magic
 + Level 1.1 Air Magic
 + Level 1.1 Earth Magic
 + Level 1.1 Poison Magic
 + Level 1.5 Invocations
 + Level 1.4 Evocations


You had 2 spell levels left.
You knew the following spells:

 Your Spells              Type           Power      Damage    Failure   Level
a - Blink                 Tloc           34%        N/A       3%          2
b - Vhi's Electric Charg  Tloc/Air       24%        N/A       19%         3
c - Teleport Other        Tloc           17%        N/A       8%          3
d - Manifold Assault      Tloc           17%        N/A       24%         4

Your spell library contained the following spells:

 Spells                   Type           Power      Damage    Failure   Level
 Lesser Beckoning         Tloc           34%        N/A       3%          2
 Sublimation of Blood     Necr           6%         N/A       22%         2
 Wereblood                Tmut           6%         N/A       22%         2
 Summon Hydra             Summ           3%         N/A       100%        7


Dungeon Overview and Level Annotations

Branches:
Dungeon (4/15)
 Temple: D:4-7

Altars:


Innate Abilities, Weirdness & Mutations

You have very sharp teeth.
Your uncanny sense of smell can sniff out nearby items.
Your experience applies equally to all skills.


Message History

An ufetubus is nearby!
The ufetubus shouts!
You closely miss the ufetubus. The ufetubus closely misses you. x2
You hit the ufetubus.
The ufetubus is severely wounded.
The ufetubus closely misses you.
The ufetubus hits you but does no damage. x3
You hit the ufetubus but do no damage. Your bite misses the ufetubus.
The ufetubus is severely wounded.
The ufetubus closely misses you.
The ufetubus hits you but does no damage.
You hit the ufetubus.
You kill the ufetubus!
No target in view!
No target in view!
No target in view!
No target in view!
HP restored.
A quokka comes into view.
A quokka is nearby!
A quokka is nearby!
An ogre comes into view. It is wielding a +0 giant club.
The quokka twitches its whiskers.
You slash the quokka!
You kill the quokka!
You slash the ogre!
The ogre is moderately wounded.
The ogre barely misses you.
You hit the ogre.
The ogre is heavily wounded.
You slash the ogre!
The ogre is severely wounded.
The ogre hits you with a +0 giant club!!
Ouch! That really hurt!
You are too injured to fight recklessly!
You hit the ogre.
The ogre is almost dead.
The ogre hits you with a +0 giant club!!
Ouch! That really hurt!
You die...

..............#####
#<......###...<...
#....#.## #.######
#....#.####.#
#......).>..#
#.#####..#.#.######
...........#.#
###..##.####.# ....
#@# #.# ### #O# #..
#.# ### ... ..#
.... .... ##.##


You could see an ogre.

Vanquished Creatures
  An iguana (D:4)
  3 adders (D:3)
  An ufetubus (D:4)
  2 dart slugs
  An orc (D:4)
  4 endoplasms
  A giant cockroach (D:1)
  3 goblins
  6 hobgoblins
  6 jackals (D:1)
  5 kobolds
  3 quokkas
  7 ball pythons
  3 bats
  4 frilled lizards (D:1)
  7 rats
57 creatures vanquished.

Notes
Turn   | Place    | Note
-------+----------+-------------------------------------------
     0 | D:1      | Leeroy the Gnoll Warper began the quest for the Orb.
     0 | D:1      | Reached XP level 1. HP: 20/20 MP: 6/6
   197 | D:1      | Reached XP level 2. HP: 16/26 MP: 7/7
   563 | D:1      | Reached skill level 5 in Spellcasting
   563 | D:1      | Reached XP level 3. HP: 30/31 MP: 7/9
   607 | D:1      | Learned a level 2 spell: Blink
   968 | D:1      | Learned a level 3 spell: Vhi's Electric Charge
  1007 | D:1      | Reached skill level 1 in Invocations
  1012 | D:1      | Learned a level 3 spell: Teleport Other
  1455 | D:2      | Reached skill level 1 in Short Blades
  1455 | D:2      | Reached skill level 1 in Axes
  1455 | D:2      | Reached skill level 1 in Maces & Flails
  1455 | D:2      | Reached skill level 1 in Polearms
  1455 | D:2      | Reached skill level 1 in Staves
  1455 | D:2      | Reached skill level 1 in Ranged Weapons
  1455 | D:2      | Reached skill level 1 in Stealth
  1455 | D:2      | Reached skill level 1 in Shields
  1455 | D:2      | Reached skill level 1 in Unarmed Combat
  1455 | D:2      | Reached skill level 1 in Evocations
  1973 | D:3      | Reached XP level 4. HP: 30/38 MP: 11/11
  2320 | D:3      | Reached skill level 1 in Conjurations
  2320 | D:3      | Reached skill level 1 in Hexes
  2320 | D:3      | Reached skill level 1 in Summonings
  2320 | D:3      | Reached skill level 1 in Necromancy
  2320 | D:3      | Reached skill level 1 in Transmutations
  2320 | D:3      | Reached skill level 1 in Fire Magic
  2320 | D:3      | Reached skill level 1 in Ice Magic
  2320 | D:3      | Reached skill level 1 in Air Magic
  2320 | D:3      | Reached skill level 1 in Earth Magic
  2320 | D:3      | Reached skill level 1 in Poison Magic
  2380 | D:3      | Learned a level 4 spell: Manifold Assault
  2912 | D:4      | Reached XP level 5. HP: 15/43 MP: 12/12
  3015 | D:4      | Noticed an ogre
  3022 | D:4      | Slain by an ogre

Illustrated notes

Levels and vault maps discovered:
D:1:      dpeg_arrival_more_subterranean_lakeside_camping, layout_loops_cross,
          kennysheep_flooded_box
D:2:      layout_basic
D:3:      minmay_door_path, layout_basic, kennysheep_another_room,
          saegor_snake_ambush
D:4:      layout_loops_ring, minmay_temple_entry_stoned_glass,
          minmay_fire_ice_demons

Skill      XL: |  1  2  3  4 |
---------------+-------------+-----
Spellcasting   | 5 |  5.1
Invocations    | 1 |  1.5
Short Blades   | 1 |  1.4
Axes           | 1 |  1.4
Maces & Flails | 1 |  1.4
Polearms       | 1 |  1.4
Staves         | 1 |  1.4
Ranged Weapons | 1 |  1.4
Stealth        | 1 |  1.4
Shields        | 1 |  1.4
Unarmed Combat | 1 |  1.4
Evocations     | 1 |  1.4
Conjurations   | 1 |  1.1
Hexes          | 1 |  1.1
Summonings     | 1 |  1.1
Necromancy     | 1 |  1.1
Transmutations | 1 |  1.1
Fire Magic     | 1 |  1.1
Ice Magic      | 1 |  1.1
Air Magic      | 1 |  1.1
Earth Magic    | 1 |  1.1
Poison Magic   | 1 |  1.1
Fighting       | |  4.7
Long Blades    | |  4.7
Throwing       | |  2.9
Armour         | |  2.9
Dodging        | |  4.7
Translocations | |  5.5

Action                     |  1- 3 |  4- 6 || total
---------------------------+-------+-------++-------
  Melee: Falchion          |   100 |    65 ||   165
         Bite              |     9 |     8 ||    17
         Punch             |     1 |       ||     1
   Stab: Sleeping          |     1 |       ||     1
 Armour: Leather armour    |    32 |    18 ||    50
  Dodge: Dodged            |    77 |    61 ||   138

Table legend: (Time is in decaauts)
 A = Elapsed time spent in this place.
 B = Non-inter-level travel time spent in this place.
 C = Inter-level travel time spent in this place.
 D = Time resting spent in this place.
 E = Time spent auto-exploring this place.
 F = Levels seen in this place.
 G = Mean time per level.
                   A        B        C        D        E       F      G
               +--------+--------+--------+--------+--------+-----+--------+
         Total |   3060 |   2932 |    128 |      0 |   2522 |   4 |  765.0 |
       Dungeon |   3060 |   2932 |    128 |      0 |   2522 |   4 |  765.0 |
               +--------+--------+--------+--------+--------+-----+--------+

Top non-repeatable levels by time:
     D:3: 1087 daAuts
     D:1: 1052 daAuts
     D:2: 781 daAuts
     D:4: 139 daAuts
